 Dungeon Crawl Stone Soup version 0.18.1-48-g4cf74bf (webtiles) character file.

100 Joat the Insei (level 4, -6/28 HPs)
             Began as an Octopode Transmuter on Aug 13, 2016.
             Mangled by Crazy Yiuf
             ... wielding a +4 quarterstaff of chaos
              (18 damage)
             ... on level 2 of the Dungeon on Aug 14, 2016.
             The game lasted 00:11:47 (1900 turns).

Joat the Insei (Octopode Transmuter)                Turns: 1900, Time: 00:11:51

Health: -6/28      AC:  1    Str:  9    XL:     4   Next: 74%
Magic:  7/7        EV: 12    Int: 15    God:
Gold:   123        SH:  0    Dex: 13    Spells: 1 memorised, 6 levels left

rFire  . . .     SeeInvis .     m - -3 spear (curse)
rCold  . . .     Gourm    .     (no shield)
rNeg   . . .     Faith    .     (helmet restricted)
rPois  .         Spirit   .     (no amulet)
rElec  .         Dismiss  .     (no ring)
rCorr  .         Reflect  .     (no ring)
SustAt .         Harm     .     (no ring)
MR     .....                    (no ring)
Stlth  ++........               (no ring)
                                (no ring)
                                (no ring)
                                (no ring)

@: not resistant to hostile enchantments, unstealthy
A: almost no armour, amphibious, 8 rings, constrict 8, camouflage 1, gelatinous
body 1
a: no special abilities


You were on level 2 of the Dungeon.
You were not hungry.

You visited 1 branch of the dungeon, and saw 2 of its levels.

You collected 123 gold pieces.

Inventory:

Hand Weapons
 e - a +0 short sword
 j - a +0 hunting sling of flaming
 m - a cursed -3 spear (weapon)
Missiles
 a - 12 arrows
 k - 3 stones (quivered)
Scrolls
 g - a scroll of blinking
Potions
 d - a potion of ambrosia
 i - a potion of flight
Books
 b - a book of Changes

   Spells                             Type                      Level
   a - Beastly Appendage              Transmutation                1
   b - Sticks to Snakes               Transmutation                2
   c - Spider Form                    Transmutation/Poison         3
   d - Ice Form                       Ice/Transmutation            4
   e - Blade Hands                    Transmutation                5
Comestibles
 c - 4 bread rations
 f - 5 chunks of flesh


   Skills:
 + Level 1.3 Fighting
 + Level 2.2 Dodging
 + Level 5.1 Unarmed Combat
 - Level 2.0 Spellcasting
 - Level 2.0 Transmutations


You had 6 spell levels left.
You knew the following spells:

 Your Spells              Type           Power        Failure   Level  Hunger
q - Beastly Appendage     Trmt           #.....       12%         1    #......


Dungeon Overview and Level Annotations

Branches:
Dungeon (2/15)

Altars:

Annotations:
D:2 Crazy Yiuf


Innate Abilities, Weirdness & Mutations

You cannot wear most types of armour.
You are amphibious.
You can wear up to eight rings at the same time.
You can use your tentacles to constrict eight enemies at once.
Your skin changes colour to match your surroundings (Stealth).
Your rubbery body absorbs attacks (AC +1).


Message History

c - 4 bread rations (gained 1)
Things that are here:
a mace; a shiny ring mail Some of the chunks of flesh in your inventory have rotted away.
You open the door.
Crazy Yiuf the Enlightened comes into view.
He is wielding a quarterstaff of chaos.
Found a mace.
You close the door.
Drink which item? (? for menu, Esc to quit)
Okay, then.
Unknown command.
You open the door.
There is an open door here.
You hit Crazy Yiuf but do no damage. You grab Crazy Yiuf.
You constrict Crazy Yiuf, but do no damage.
Crazy Yiuf hits you with a quarterstaff of chaos!
Ouch! That really hurt!
You are electrocuted!
Ouch! That really hurt!
You die...

###.####
♣...♣♣ ...
.. #..
.......##
♣♣...♣ ..##
#.##..
.##.....##
♣♣.♣♣
.#####.#...
.##......#
♣♣.♣
#....?....
.##......###
♣.♣♣
S..........
.##.#......#
♣♣.♣
?#...#.##..
.##......###
♣.♣♣
...........
...÷...#.#
##'##
##...#####.
###......#
#.@.# ##.#
#. ########
#.g.# #. #.
#)..# # #.
##### ..


You could see Crazy Yiuf.

Vanquished Creatures
  Natasha (D:2)
  Terence (D:2)
  An adder (D:2)
  A dart slug (D:1)
  A giant gecko (D:1)
  7 bats
  2 giant cockroaches (D:1)
  8 goblins
  A hobgoblin (D:1)
  5 jackals (D:1)
  5 giant newts
  5 kobolds
  5 rats
43 creatures vanquished.

Notes
Turn   | Place    | Note
--------------------------------------------------------------
     0 | D:1      | Joat the Octopode Transmuter began the quest for the Orb.
     0 | D:1      | Reached XP level 1. HP: 13/13 MP: 3/3
   143 | D:1      | Reached XP level 2. HP: 17/18 MP: 1/5
   578 | D:1      | Reached skill level 4 in Unarmed Combat
   733 | D:1      | Reached XP level 3. HP: 23/23 MP: 6/6
  1771 | D:2      | Noticed Terence
  1775 | D:2      | Killed Terence
  1775 | D:2      | Reached skill level 5 in Unarmed Combat
  1775 | D:2      | Reached XP level 4. HP: 24/28 MP: 7/7
  1811 | D:2      | Noticed Natasha
  1830 | D:2      | Killed Natasha
  1895 | D:2      | Noticed Crazy Yiuf
  1900 | D:2      | Mangled by Crazy Yiuf

Skill      XL: |  1  2  3 |
---------------+----------+-----
Unarmed Combat | 4 5 |  5.1
Fighting       | |  1.3
Dodging        | |  2.2
Spellcasting   | |  2.0
Transmutations | |  2.0

Action                   |  1- 3 |  4- 6 || total
-------------------------+-------+-------++-------
Melee: Unarmed           |    17 |       ||    17
       Constrict         |    22 |     2 ||    24
       Tentacles         |    14 |       ||    14
       Kick              |     3 |       ||     3
       Punch             |     4 |       ||     4
       Short sword       |    32 |       ||    32
       Spear             |    46 |     8 ||    54
 Fire: Hunting sling     |    15 |       ||    15
 Cast: Beastly Appendage |     1 |       ||     1
  Use: Scroll            |     7 |       ||     7
       Potion            |     1 |       ||     1
 Stab: Sleeping          |     4 |       ||     4
  Eat: Chunk             |     3 |       ||     3
Armor: Skin              |    12 |     3 ||    15
Dodge: Dodged            |    59 |     5 ||    64
